MID
QUAD CITIES RIVER BANDITS @ DELMARVA SHOREBIRDS
08/09/2045
 
TOP OF THE 1ST
Quad Cities River Bandits batting - Pitching for Delmarva Shorebirds : RHP Elliot Monroe
Pitching: RHP Elliot Monroe
Batting: RHB Edgar Trejo 0-0: Called Strike
0-1: Foul Ball, location: 2F
0-2: Ball
1-2: Foul Ball, location: 2F
1-2: Strikes out looking
Batting: LHB Mark Dearth 0-0: Called Strike
0-1: Called Strike
0-2: Ball
1-2: Foul Ball, location: 2F
1-2: Strikes out swinging
Batting: RHB Bruce Bermudez 0-0: Ball
1-0: Swinging Strike
1-1: Foul Ball, location: 2F
1-2: Strikes out looking
Top of the 1st over - 0 runs, 0 hits, 0 errors, 0 left on base; Quad Cities 0 - Delmarva 0
BOTTOM OF THE 1ST
Delmarva Shorebirds batting - Pitching for Quad Cities River Bandits : RHP Ricardo Acosta
Pitching: RHP Ricardo Acosta
Batting: RHB Willie Manrique 0-0: SOLO HOME RUN (Flyball, 7LD, EV 93.1 MPH), Distance : 355 ft
Batting: LHB Rodolfo Montes 0-0: Foul Ball, location: 2F
0-1: Swinging Strike
0-2: Ball
1-2: Ball
2-2: SINGLE (Groundball, 6MS, EV 64.4 MPH) (infield hit)
Batting: RHB Travis Carter 0-0: Ball
1-0: Ball
2-0: Swinging Strike
2-1: Fielders Choice at 2nd, 1-6 (Groundball, 13S, EV 70.6 MPH)
Batting: LHB Tim Mulholland 0-0: Swinging Strike
0-1: Ball
1-1: Ball
Travis Carter steals 2nd base
2-1: Ball
3-1: Called Strike
3-2: Ground out 5-3 (Groundball, 56, EV 85.0 MPH)
Batting: RHB Jeremy Sipe 0-0: Ground out 5-3 (Groundball, 56S, EV 81.2 MPH)
Bottom of the 1st over - 1 run, 2 hits, 0 errors, 1 left on base; Quad Cities 0 - Delmarva 1
TOP OF THE 2ND
Quad Cities River Bandits batting - Pitching for Delmarva Shorebirds : RHP Elliot Monroe
Batting: RHB Elijah Hunter 0-0: Ball
1-0: Called Strike
1-1: Ball
2-1: Foul Ball, location: 2F
2-2: Ground out 6-3 (Groundball, 6D, EV 80.0 MPH)
Batting: RHB Justin Olmstead 0-0: Ball
1-0: Ground out 1-3 (Groundball, 15S, EV 63.1 MPH)
Batting: RHB Sean Mounts 0-0: Swinging Strike
0-1: Ball
1-1: Ball
2-1: Called Strike
2-2: Strikes out swinging
Top of the 2nd over - 0 runs, 0 hits, 0 errors, 0 left on base; Quad Cities 0 - Delmarva 1
BOTTOM OF THE 2ND
Delmarva Shorebirds batting - Pitching for Quad Cities River Bandits : RHP Ricardo Acosta
Batting: LHB David Best 0-0: Ball
1-0: Foul Ball, location: 2F
1-1: Called Strike
1-2: Foul Ball, location: 2F
1-2: Fly out, F3 (Popup, 3SF, EV 76.9 MPH)
Batting: RHB Mario Luna 0-0: Ground out 5-3 (Groundball, 56S, EV 87.5 MPH)
Batting: RHB Hunter Neumann 0-0: Foul Ball, location: 2F
0-1: Ball
1-1: Foul Ball, location: 2F
1-2: Foul Ball, location: 2F
1-2: Ball
2-2: Foul Ball, location: 2F
2-2: Foul Ball, location: 2F
2-2: Fly out, F7 (Flyball, 7D, EV 100.6 MPH)
Bottom of the 2nd over - 0 runs, 0 hits, 0 errors, 0 left on base; Quad Cities 0 - Delmarva 1
TOP OF THE 3RD
Quad Cities River Bandits batting - Pitching for Delmarva Shorebirds : RHP Elliot Monroe
Batting: RHB Chris Miller 0-0: Ball
1-0: Fly out, F7 (Flyball, 7D, EV 99.4 MPH)
Batting: RHB Evan Fry 0-0: Foul Ball, location: 2F
0-1: Swinging Strike
0-2: Ball
1-2: Ball
2-2: Ball
3-2: Strikes out swinging
Batting: RHB Ruben Pujols 0-0: Called Strike
0-1: Ground out 5-3 (Groundball, 5L, EV 86.2 MPH)
Top of the 3rd over - 0 runs, 0 hits, 0 errors, 0 left on base; Quad Cities 0 - Delmarva 1
BOTTOM OF THE 3RD
Delmarva Shorebirds batting - Pitching for Quad Cities River Bandits : RHP Ricardo Acosta
Batting: SHB Hugo Moreno 0-0: Ball
1-0: SOLO HOME RUN (Flyball, 89XD, EV 99.4 MPH), Distance : 403 ft
Batting: RHB Willie Manrique 0-0: Ball
1-0: Called Strike
1-1: Fly out, F8 (Flyball, 8RM, EV 92.5 MPH)
Batting: LHB Rodolfo Montes 0-0: Ground out 5-3 (Groundball, 5, EV 97.5 MPH)
Batting: RHB Travis Carter 0-0: Ball
1-0: Ball
2-0: Ball
3-0: Called Strike
3-1: Base on Balls
Batting: LHB Tim Mulholland 0-0: Ball
1-0: Called Strike
1-1: Ball
2-1: Ball
3-1: Foul Ball, location: 2F
3-2: Base on Balls
Travis Carter to second
Batting: RHB Jeremy Sipe 0-0: Ball
1-0: Ball
2-0: Called Strike
2-1: Fly out, F3 (Popup, 3F, EV 71.2 MPH)
Bottom of the 3rd over - 1 run, 1 hit, 0 errors, 2 left on base; Quad Cities 0 - Delmarva 2
TOP OF THE 4TH
Quad Cities River Bandits batting - Pitching for Delmarva Shorebirds : RHP Elliot Monroe
Batting: RHB Edgar Trejo 0-0: Ball
1-0: Swinging Strike
1-1: Ball
2-1: Foul Ball, location: 2F
2-2: Foul Ball, location: 2F
2-2: Strikes out swinging
Batting: LHB Mark Dearth 0-0: Called Strike
0-1: Called Strike
0-2: Ball
1-2: Strikes out swinging
Batting: RHB Bruce Bermudez 0-0: Called Strike
0-1: Fly out, F9 (Flyball, 9S, EV 91.2 MPH)
Top of the 4th over - 0 runs, 0 hits, 0 errors, 0 left on base; Quad Cities 0 - Delmarva 2
BOTTOM OF THE 4TH
Delmarva Shorebirds batting - Pitching for Quad Cities River Bandits : RHP Ricardo Acosta
Batting: LHB David Best 0-0: Fly out, F3 (Popup, 3SF, EV 68.8 MPH)
Batting: RHB Mario Luna 0-0: Ball
1-0: Ball
2-0: Ball
3-0: Called Strike
3-1: Base on Balls
Batting: RHB Hunter Neumann 0-0: Called Strike
0-1: Called Strike
Mario Luna is caught stealing 2nd base 2-4
0-2: Ground out 5-3 (Groundball, 56S, EV 89.4 MPH)
Bottom of the 4th over - 0 runs, 0 hits, 0 errors, 0 left on base; Quad Cities 0 - Delmarva 2
TOP OF THE 5TH
Quad Cities River Bandits batting - Pitching for Delmarva Shorebirds : RHP Elliot Monroe
Batting: RHB Elijah Hunter 0-0: Ball
1-0: Called Strike
1-1: Called Strike
1-2: Ball
2-2: Foul Ball, location: 2F
2-2: Ball
3-2: Base on Balls
Batting: RHB Justin Olmstead 0-0: Called Strike
0-1: Fly out, F8 (Flyball, 8RD, EV 78.1 MPH)
Batting: RHB Sean Mounts 0-0: Ball
1-0: Called Strike
1-1: Grounds into double play, 5-4-3 (Groundball, 56S, EV 87.5 MPH)
Top of the 5th over - 0 runs, 0 hits, 0 errors, 0 left on base; Quad Cities 0 - Delmarva 2
BOTTOM OF THE 5TH
Delmarva Shorebirds batting - Pitching for Quad Cities River Bandits : RHP Ricardo Acosta
Batting: SHB Hugo Moreno 0-0: Swinging Strike
0-1: Foul Ball, location: 2F
0-2: Ball
1-2: Foul Ball, location: 2F
1-2: Ball
2-2: Ball
3-2: Base on Balls
Batting: RHB Willie Manrique 0-0: Called Strike
0-1: Ball
1-1: Called Strike
1-2: Strikes out swinging
Batting: LHB Rodolfo Montes 0-0: Called Strike
0-1: Ball
1-1: Ball
2-1: Ball
3-1: Base on Balls
Hugo Moreno to second
Pitching: RHP Bruce Charles
Batting: RHB Travis Carter 0-0: Swinging Strike
0-1: Ball
1-1: Swinging Strike
1-2: Ball
2-2: Strikes out swinging
Batting: LHB Tim Mulholland 0-0: Ball
1-0: Ball
2-0: Ball
3-0: Called Strike
3-1: Base on Balls
Hugo Moreno to third
Rodolfo Montes to second
Batting: RHB Jeremy Sipe 0-0: SINGLE (Groundball, 6MD, EV 108.8 MPH) (infield hit)
Hugo Moreno scores
Rodolfo Montes to third
Tim Mulholland to second
Batting: LHB David Best 0-0: Called Strike
0-1: Foul Ball, location: 2F
0-2: Ball
1-2: Ball
Wild Pitch!
Rodolfo Montes scores
Tim Mulholland to third
Jeremy Sipe to second
2-2: Ball
3-2: Base on Balls
Batting: RHB Mario Luna 0-0: Ball
1-0: Ball
2-0: Foul Ball, location: 2F
2-1: Fly out, F8 (Flyball, 78D, EV 101.2 MPH)
Bottom of the 5th over - 2 runs, 1 hit, 0 errors, 3 left on base; Quad Cities 0 - Delmarva 4
TOP OF THE 6TH
Quad Cities River Bandits batting - Pitching for Delmarva Shorebirds : RHP Elliot Monroe
Batting: RHB Chris Miller 0-0: Fly out, F7 (Flyball, 78S, EV 87.5 MPH)
Batting: RHB Evan Fry 0-0: Ball
1-0: Called Strike
1-1: Swinging Strike
1-2: Ball
2-2: Strikes out swinging
Batting: RHB Ruben Pujols 0-0: Ball
1-0: Foul Ball, location: 2F
1-1: SINGLE (Groundball, 34D, EV 103.1 MPH)
Batting: RHB Edgar Trejo 0-0: Fielders Choice at 2nd, 6-4 (Groundball, 6, EV 76.2 MPH)
Top of the 6th over - 0 runs, 1 hit, 0 errors, 1 left on base; Quad Cities 0 - Delmarva 4
BOTTOM OF THE 6TH
Delmarva Shorebirds batting - Pitching for Quad Cities River Bandits : RHP Bruce Charles
Batting: RHB Hunter Neumann 0-0: Fly out, F2 (Popup, 23F, EV 81.9 MPH)
Batting: SHB Hugo Moreno 0-0: Foul Ball, location: 2F
0-1: Foul Ball, location: 2F
0-2: Ball
1-2: Strikes out swinging
Batting: RHB Willie Manrique 0-0: Ball
1-0: Fly out, F7 (Flyball, 7, EV 85.0 MPH)
Bottom of the 6th over - 0 runs, 0 hits, 0 errors, 0 left on base; Quad Cities 0 - Delmarva 4
TOP OF THE 7TH
Quad Cities River Bandits batting - Pitching for Delmarva Shorebirds : RHP Elliot Monroe
Batting: LHB Mark Dearth 0-0: Hit by Pitch
Batting: RHB Bruce Bermudez 0-0: Called Strike
0-1: Ball
1-1: Called Strike
1-2: Strikes out swinging
Batting: RHB Elijah Hunter 0-0: Called Strike
0-1: Swinging Strike
0-2: Ball
1-2: Strikes out swinging
Batting: RHB Justin Olmstead 0-0: Ball
1-0: Ball
2-0: Called Strike
2-1: Fielders Choice at 2nd, U6 (Groundball, 6M, EV 85.0 MPH)
Top of the 7th over - 0 runs, 0 hits, 0 errors, 1 left on base; Quad Cities 0 - Delmarva 4
BOTTOM OF THE 7TH
Delmarva Shorebirds batting - Pitching for Quad Cities River Bandits : RHP Bruce Charles
Pitching: RHP Joe Rivin
Batting: LHB Rodolfo Montes 0-0: Foul Ball, location: 2F
0-1: Foul Ball, location: 2F
0-2: SINGLE (Groundball, 5D, EV 98.1 MPH)
Batting: RHB Travis Carter 0-0: Fly out, F3 (Popup, 3S, EV 77.5 MPH)
Batting: LHB Tim Mulholland 0-0: Ball
1-0: Foul Ball, location: 2F
1-1: Foul Ball, location: 2F
1-2: Ball
2-2: Strikes out swinging
Batting: RHB Jeremy Sipe 0-0: Ball
1-0: Ground out 4-3 (Groundball, 4, EV 77.5 MPH)
Bottom of the 7th over - 0 runs, 1 hit, 0 errors, 1 left on base; Quad Cities 0 - Delmarva 4
TOP OF THE 8TH
Quad Cities River Bandits batting - Pitching for Delmarva Shorebirds : RHP Elliot Monroe
Now at 1B: Raul Rojas
Batting: RHB Sean Mounts 0-0: Called Strike
0-1: Ball
1-1: Fly out, F5 (Line Drive, 5, EV 60.6 MPH)
Batting: RHB Chris Miller 0-0: Swinging Strike
0-1: Ball
1-1: Called Strike
1-2: Ball
2-2: SINGLE (Flyball, 6MD, EV 80.6 MPH)
Pitching: RHP David Burrus
Batting: RHB Evan Fry 0-0: Called Strike
0-1: Called Strike
0-2: Ball
1-2: Fielders Choice at 2nd, 4-6 (Groundball, 4, EV 108.1 MPH)
Batting: RHB Ruben Pujols 0-0: Called Strike
0-1: Foul Ball, location: 2F
0-2: Ball
1-2: Foul Ball, location: 2F
1-2: Strikes out swinging
Top of the 8th over - 0 runs, 1 hit, 0 errors, 1 left on base; Quad Cities 0 - Delmarva 4
BOTTOM OF THE 8TH
Delmarva Shorebirds batting - Pitching for Quad Cities River Bandits : RHP Joe Rivin
Pitching: RHP Tim Watson
Batting: LHB David Best 0-0: Called Strike
0-1: Ball
1-1: Foul Ball, location: 2F
1-2: Ball
2-2: Ball
3-2: Strikes out looking
Batting: RHB Mario Luna 0-0: Ball
1-0: Ground out 5-3 (Groundball, 56, EV 81.9 MPH)
Batting: RHB Hunter Neumann 0-0: Ball
1-0: Ground out 5-3 (Groundball, 5, EV 85.0 MPH)
Bottom of the 8th over - 0 runs, 0 hits, 0 errors, 0 left on base; Quad Cities 0 - Delmarva 4
TOP OF THE 9TH
Quad Cities River Bandits batting - Pitching for Delmarva Shorebirds : RHP David Burrus
Batting: RHB Edgar Trejo 0-0: Swinging Strike
0-1: Swinging Strike
0-2: Ball
1-2: Ball
2-2: Strikes out swinging
Batting: LHB Mark Dearth 0-0: Called Strike
0-1: Foul Ball, location: 2F
0-2: Strikes out swinging
Batting: RHB Bruce Bermudez 0-0: Called Strike
0-1: Swinging Strike
0-2: Strikes out swinging
Top of the 9th over - 0 runs, 0 hits, 0 errors, 0 left on base; Quad Cities 0 - Delmarva 4
Wednesday, June 22nd , 2022 - OOTP Baseball 23.4 Build 64